 Dungeon Crawl Stone Soup version 0.31-a0-202-g547052bce9 (webtiles) character file.

Game seed: 9140789736706586634

63 innerfire43 the Chopper (level 3, -3/26 HPs)
             Began as a Demonspawn Monk on June 26, 2023.
             Was a Priest of Cheibriados.
             Slain by Natasha (5 damage)
             ... on level 2 of the Dungeon.
             The game lasted 00:01:49 (1332 turns).

innerfire43 the Chopper (Demonspawn Monk)           Turns: 1332, Time: 00:01:50

Health: -3/26      AC:  3    Str: 25    XL:     3   Next: 87%
Magic:  3/3        EV: 14    Int: 18    God:    Cheibriados [***...]
Gold:   102        SH:  0    Dex: 22    Spells: 2/2 levels left

rFire   . . .        a - +1 hand axe
rCold   . . .        d - orb {light}
rNeg    . . .        b - +0 robe
rPois   .            (no helmet)
rElec   .            (no cloak)
rCorr   .            (no gloves)
SInv    .            h - +0 pair of boots
Will    .....        (no amulet)
Stlth   +            (no ring)
HPRegen 0.24/turn    (no ring)
MPRegen 0.08/turn

%: no passive effects
@: glowing, very slow
A: demonic touch 2, frail 1, strong 1
a: Renounce Religion, Bend Time, Temporal Distortion


You were on level 2 of the Dungeon.
You worshipped Cheibriados.
Cheibriados was most pleased with you.
You visited 1 branch of the dungeon, and saw 2 of its levels.

You collected 102 gold pieces.

Inventory:

Hand Weapons
 a - a +1 hand axe (weapon)
Armour
 b - a +0 robe (worn)
 d - an orb of light (worn)
 h - a +0 pair of boots (worn)
Wands
 e - a wand of roots (9)
Scrolls
 f - a scroll of immolation {unknown}
 g - a scroll of identify
Potions
 c - a potion of ambrosia
 i - a potion of curing {unknown}


   Skills:
 - Level 3.4 Fighting
 * Level 3.7 Axes
 - Level 3.1 Dodging


You had 2 spell levels left.
You didn't know any spells.
Your spell library contained the following spells:

 Spells                   Type           Power      Damage    Failure   Level
 Sting                    Tmut/Pois      0%         1d3       22%         1
 Poisonous Vapours        Pois/Air       0%         N/A       32%         2
 Inner Flame              Hex/Fire       0%         N/A       54%         3
 Summon Guardian Golem    Hex/Summ       0%         N/A       54%         3
 Olgreb's Toxic Radiance  Pois           0%         N/A       91%         4
 Yara's Violent Unravell  Hex/Tmut       0%         3d3       99%         5
 Enfeeble                 Hex            0%         N/A       100%        7
 Orb of Destruction       Conj           0%         9d5       100%        7
 Spellforged Servitor     Conj/Summ      0%         N/A       100%        7


Dungeon Overview and Level Annotations

Branches:
Dungeon (2/15)

Altars:
Cheibriados
Ru

Shops:
D:1 :*(

Annotations:
D:2 Natasha


Innate Abilities, Weirdness & Mutations

Your touch may inflict irresistible damage on your foes.
You are frail. (-10% HP)
Your muscles are strong. (Str +4, Int/Dex -1)


Message History

a +0 whip; a kobold corpse You hit the dart slug.
The dart slug is heavily wounded.
A dart slug is nearby!
You hit the dart slug.
You kill the dart slug!
Cheibriados thoroughly appreciates the change of pace.
No target in view!
i - a grey potion No target in view!
You now have 102 gold pieces (gained 4).
Natasha, Servant of Life and Death comes into view.
Found 12 gold pieces.
Natasha hisses angrily.
Natasha moves out of view.
No target in view!
You hit Natasha but do no damage. Natasha claws you!
You hit Natasha.
Natasha is moderately wounded.
Natasha claws you but does no damage.
Natasha is nearby!
You closely miss Natasha.
Natasha is moderately wounded.
Natasha claws you!
Natasha is nearby!
You are too injured to fight recklessly!
You are too injured to fight recklessly!
You hit Natasha.
Natasha is heavily wounded.
Natasha mumbles some strange words.
Natasha shimmers violently.
Natasha casts a spell at you. The magic dart hits you!
* * * LOW HITPOINT WARNING * * *
You barely miss Natasha.
Natasha is heavily wounded.
Natasha wildly gestures.
Natasha shimmers violently.
Natasha claws you.
You die...

#....##
#............# ##...#
.#....##
#............###..###
#.#....#
#............##..##
.#.#...#
#............##.##
#.#.#..#
#...............#
.#.#...#
#............####
#.#....#
#.......######
.#....## #.......#
#.....# #######@#
......# #.h.#
.......# #..###
..####.# #$# .## .#
#. ## . . # . #.


You could see Natasha.

Vanquished Creatures
  An adder (D:2)
  A worm (D:2)
  2 dart slugs
  5 bats (D:1)
  8 endoplasms
  6 goblins
  3 hobgoblins
  4 kobolds
  A quokka (D:2)
  6 ball pythons (D:1)
  2 frilled lizards
  6 rats
45 creatures vanquished.

Notes
Turn   | Place    | Note
-------+----------+-------------------------------------------
     0 | D:1      | innerfire43 the Demonspawn Monk began the quest for the
                  | Orb.
     0 | D:1      | Reached XP level 1. HP: 18/18 MP: 1/1
    82 | D:1      | You fall into a shaft and drop 1 floor!
   115 | D:2      | Gained mutation: Your touch may inflict minor irresistible
                  | damage on your foes. [demonic ancestry]
   115 | D:2      | Reached XP level 2. HP: 20/24 MP: 2/2
   164 | D:2      | Identified the +0 robe of Makhleb's Scorn {+Inv rN+ Will+}
   315 | D:1      | Found a faded altar of an unknown god.
   321 | D:1      | Prayed at the altar of an unknown god.
   321 | D:1      | Became a worshipper of Cheibriados the Contemplative
   321 | D:1      | Reached * piety under Cheibriados
   321 | D:1      | Reached ** piety under Cheibriados
   363 | D:1      | Reached *** piety under Cheibriados
   366 | D:1      | Gained mutation: Your touch may inflict irresistible damage
                  | on your foes. [demonic ancestry]
   366 | D:1      | Reached XP level 3. HP: 29/29 MP: 3/3
   642 | D:1      | Found Ininephu's General Store.
   656 | D:1      | Found Benaba's Book Boutique.
   899 | D:1      | Found Abreffi's Antique Weapon Boutique.
   978 | D:1      | Gained mutation: You are frail. (-10% HP) [potion of
                  | mutation]
   978 | D:1      | Gained mutation: Your muscles are strong. (Str +4, Int/Dex
                  | -1) [potion of mutation]
  1255 | D:2      | Found a sacrificial altar of Ru.
  1326 | D:2      | Noticed Natasha
  1332 | D:2      | Slain by Natasha

Illustrated notes

Levels and vault maps discovered:
D:1:      wander_arrival_chamber, layout_loops_ring,
          ebering_ecumenical_altar_hall, serial_shops,
          nicolae_shop_competitors_out_of_business, shop,
          nicolae_shop_pleasant_corner_grove, minmay_misc_feat_secret_circle
D:2:      layout_basic, basic_altar, nicolae_the_louvre,
          uniq_crazy_yiuf_cottage, uniq_natasha

Skill      XL: |  1 |
---------------+----+-----
Axes           | 3 |  3.7
Dodging        | 3 |  3.1
Fighting       | |  3.4

Action                     || total
---------------------------++-------
  Melee: Hand axe          ||    90
    Use: Scroll            ||     4
         Potion            ||     1
   Stab: Sleeping          ||     1
 Armour: Robe              ||    13
  Dodge: Dodged            ||    60

Table legend: (Time is in decaauts)
 A = Elapsed time spent in this place.
 B = Non-inter-level travel time spent in this place.
 C = Inter-level travel time spent in this place.
 D = Time resting spent in this place.
 E = Time spent auto-exploring this place.
 F = Levels seen in this place.
 G = Mean time per level.
                   A        B        C        D        E       F      G
               +--------+--------+--------+--------+--------+-----+--------+
         Total |   1836 |   1800 |     36 |      0 |   1496 |   2 |  918.0 |
       Dungeon |   1836 |   1800 |     36 |      0 |   1496 |   2 |  918.0 |
               +--------+--------+--------+--------+--------+-----+--------+

Top non-repeatable levels by time:
     D:1: 1215 daAuts
     D:2: 620 daAuts
